 Dungeon Crawl Stone Soup version 0.22.1-5-g62c59d9 (webtiles) character file.

97 colophon the Sneak (level 5, -2/30 HPs)
             Began as a Kobold Enchanter on Jan 13, 2019.
             Slain by Grinder (6 damage)
             ... while paralysed by Grinder
             ... on level 3 of the Dungeon.
             The game lasted 00:12:30 (3104 turns).

colophon the Sneak (Kobold Enchanter)               Turns: 3104, Time: 00:12:30

Health: -2/30      AC:  3    Str:  6    XL:     5   Next: 0%
Magic:  2/9        EV:  3    Int: 16    God:
Gold:   127        SH:  0    Dex: 16    Spells: 3/9 levels left

rFire    . . .     SeeInvis .   a - +1 dagger
rCold    . . .     Gourm    .   (shield restricted)
rNeg     . . .     Faith    .   b - +0 robe
rPois    +         Spirit   .   (no helmet)
rElec    .         Reflect  .   m - +0 cloak {rPois}
rCorr    .         Harm     .   (no gloves)
MR       .....                  (no boots)
Stlth    +++.......             (no amulet)
HPRegen  0.10/turn              (no ring)
MPRegen  0.11/turn              (no ring)

@: paralysed
A: small, carnivore
a: no special abilities


You were on level 3 of the Dungeon.
You were very full.

You visited 1 branch of the dungeon, and saw 3 of its levels.

You collected 127 gold pieces.

Inventory:

Hand Weapons
 a - a +1 dagger (weapon)
Missiles
 h - 23 bolts
Armour
 b - a +0 robe (worn)
 m - a +0 cloak of poison resistance (worn)
Scrolls
 c - a scroll of remove curse
 e - 3 scrolls of identify
 g - a scroll of teleportation {unknown}
 j - a scroll of fog {unknown}
Potions
 k - a potion of might {unknown}
 l - a potion of curing {unknown}
Comestibles
 d - 5 rations


   Skills:
 + Level 1.8 Fighting
 + Level 2.8 Short Blades
 + Level 3.3 Dodging
 + Level 4.8 Stealth
 + Level 2.9 Spellcasting
 - Level 3.0 Hexes


You had 3 spell levels left.
You knew the following spells:

 Your Spells              Type           Power        Failure   Level  Hunger
a - Corona                Hex            ##.....      5%          1    #......
b - Ensorcelled Hibernat  Hex/Ice        #.....       16%         2    ##.....
c - Confuse               Hex            ##......     17%         3    ###....

Your spell library contained the following spells:

 Spells                   Type           Power        Failure   Level  Hunger
 Tukima's Dance           Hex            ##......     17%         3    ###....
 Dazzling Spray           Conj/Hex       #.....       30%         3    ###....


Dungeon Overview and Level Annotations

Branches:
Dungeon (3/15)

Altars:
Dithmenos

Annotations:
D:3 Grinder


Innate Abilities, Weirdness & Mutations

You are small and have problems with some larger weapons.
You are carnivorous and can eat meat at any time.


Message History

Grinder blinks!
Grinder misses you.
You hit Grinder but do no damage.
Grinder is almost dead.
Grinder misses you.
You hit Grinder but do no damage.
Grinder is almost dead.
Grinder hits you.
You writhe in agony.
You hit Grinder.
Grinder is almost dead.
Grinder gestures at you.
You suddenly lose the ability to move!
Grinder hits you but does no damage. Grinder hits you.
You writhe in agony.
Grinder hits you!
* * * LOW HITPOINT WARNING * * *
You writhe in agony.
* * * LOW HITPOINT WARNING * * *
Grinder hits you.
You die...

#....### ....
###......### #....
.......... #.....
..##...# .....
#.##...# #...
##.##...#
#...####......##
###...5.##......#
+......@.'......+
#####...##......#
####...##.5....##
.................#
?.........######.#
#.#########......#
.#
.................#
.####..##.......#
#...#.#+#####


You could see Grinder.

Vanquished Creatures
  Crazy Yiuf (D:2)
  2 adders
  A dart slug (D:2)
  3 leopard geckos
  2 ball pythons
  5 bats
  5 giant cockroaches
  5 goblins
  6 hobgoblins
  5 kobolds
  A quokka (D:2)
  4 frilled lizards (D:1)
  4 rats
44 creatures vanquished.

Notes
Turn   | Place    | Note
-------+----------+-------------------------------------------
     0 | D:1      | colophon the Kobold Enchanter began the quest for the Orb.
     0 | D:1      | Reached XP level 1. HP: 10/10 MP: 3/3
   273 | D:1      | Reached XP level 2. HP: 16/16 MP: 5/5
   327 | D:1      | Learned a level 2 spell: Ensorcelled Hibernation
   848 | D:1      | Reached XP level 3. HP: 15/20 MP: 1/6
   853 | D:1      | Learned a level 3 spell: Confuse
   950 | D:1      | Reached skill level 1 in Fighting
  1945 | D:2      | Reached XP level 4. HP: 2/25 MP: 1/7
  2294 | D:2      | Found a runed door.
  2364 | D:2      | Found a shadowy altar of Dithmenos.
  2916 | D:2      | Noticed Crazy Yiuf
  2920 | D:2      | Killed Crazy Yiuf
  3035 | D:3      | Reached XP level 5. HP: 30/30 MP: 9/9
  3049 | D:3      | Noticed Grinder
  3069 | D:3      | Paralysed by Grinder for 6 turns
  3079 | D:3      | Paralysed by Grinder for 3 turns
  3086 | D:3      | Paralysed by Grinder for 6 turns
  3092 | D:3      | HP: 1/30 [Grinder/nerve-wracking pain (11)]
  3100 | D:3      | Paralysed by Grinder for 5 turns
  3104 | D:3      | Slain by Grinder

Skill      XL: |  1  2  3 |
---------------+----------+-----
Short Blades   | 2 |  2.8
Fighting       | 1 |  1.8
Dodging        | 3 |  3.3
Stealth        | |  4.8
Spellcasting   | |  2.9
Hexes          | |  3.0

Action                   |  1- 3 |  4- 6 || total
-------------------------+-------+-------++-------
Melee: Dagger            |   110 |    39 ||   149
 Cast: Corona            |     4 |       ||     4
       Ensorcelled Hiber |    21 |    11 ||    32
       Confuse           |       |     4 ||     4
  Use: Scroll            |       |     3 ||     3
       Potion            |       |     1 ||     1
 Stab: Sleeping          |    16 |    10 ||    26
       Confused          |       |     2 ||     2
  Eat: Chunk             |    13 |     4 ||    17
Armor: Robe              |    20 |     5 ||    25
Dodge: Dodged            |    99 |    20 ||   119
